 Dungeon Crawl Stone Soup version 0.27.1-3-gb3d3a73c9e (webtiles) character file.

Game seed: 4368044852408102302

32 BOMJPIETVODKU the Skirmisher (level 3, -6/33 HPs)
             Began as a Hill Orc Fighter on Oct 29, 2021.
             Mangled by Sigmund (10 damage)
             ... on level 2 of the Dungeon.
             The game lasted 00:02:10 (925 turns).

BOMJPIETVODKU the Skirmisher (Hill Orc Fighter)      Turns: 925, Time: 00:02:10

Health: -6/33      AC:  6    Str: 19    XL:     3   Next: 25%
Magic:  3/3        EV: 11    Int:  8    God:
Gold:   29         SH:  9    Dex: 10    Spells: 2/2 levels left

rFire    . . .     SeeInvis .   a - +0 war axe
rCold    . . .     Faith    .   c - +0 kite shield
rNeg     . . .     Spirit   .   b - +0 scale mail
rPois    .         Reflect  .   (no helmet)
rElec    .         Harm     .   (no cloak)
rCorr    .         Rampage  .   (no gloves)
Will     .....                  (no boots)
Stlth    ..........             (no amulet)
HPRegen  0.11/turn              f - +4 ring of evasion
MPRegen  0.08/turn              (no ring)

@: mighty, lethally poisoned (-6 -> -7)
A: no striking features
a: no special abilities


You were on level 2 of the Dungeon.
You visited 1 branch of the dungeon, and saw 2 of its levels.

You collected 29 gold pieces.

Inventory:

Hand Weapons
 a - a +0 war axe (weapon)
Missiles
 k - 34 poisoned darts (quivered)
Armour
 b - a +0 scale mail (worn)
 c - a +0 kite shield (worn)
Jewellery
 f - a +4 ring of evasion (left hand)
 j - a ring of willpower
Scrolls
 e - a scroll of magic mapping {unknown}
 g - 2 scrolls of blinking {unknown}
 h - a scroll of identify {unknown}
 l - a scroll of teleportation {unknown}
Potions
 d - 2 potions of might
 i - 2 potions of curing {unknown}
 m - a potion of brilliance {unknown}


   Skills:
 + Level 3.9 Fighting
 * Level 3.6 Axes
 + Level 3.5 Armour
 + Level 3.7 Shields


You had 2 spell levels left.
You didn't know any spells.
Your spell library was empty.

Dungeon Overview and Level Annotations

Branches:
Dungeon (2/15)

Altars:

Annotations:
D:2 Sigmund


Message History

Found a fuming emerald potion.
Found a stone staircase leading down.
i - 2 fuming emerald potions (gained 1)
A goblin comes into view. It is wielding a +0 club.
The goblin shouts!
You hear a shout! x2
You closely miss the goblin. The goblin hits you but does no damage.
You closely miss the goblin. You block the goblin's attack.
The goblin hits you with a +0 club.
You hit the goblin.
You kill the goblin!
You now have 29 gold pieces (gained 11).
You see here a +0 club.
An adder comes into view.
Sigmund the Dreaded comes into view.
He is wielding a +0 scythe.
The adder hisses angrily.
Sigmund gestures wildly while chanting.
Sigmund flickers and vanishes!
Deactivating autopickup; reactivate with Ctrl-A.
A ball python and a gnoll come into view.
The ball python hisses angrily.
The gnoll shouts!
A gnoll comes into view. It is wielding a +0 club.
The gnoll shouts!
A ball python comes into view.
A gnoll comes into view. It is wielding a +0 whip.
A gnoll comes into view. It is wielding a +0 club.
You block the adder's attack.
There are monsters nearby!
You feel very mighty all of a sudden.
The gnoll shouts!
You block the adder's attack. You block something's attack.
You barely miss the adder. You block the adder's attack. The adder bites you.
You are poisoned.
The adder poisons you! Something hits you!
You miss the adder.
You feel sick. You block the adder's attack. The adder bites you.
Something hits you!
Your scale mail prevents you from hitting the adder.
You feel sick.
You block the adder's attack. x2; You block something's attack.
You closely miss the adder.
You feel sick. The adder bites you.
* * * LOW HITPOINT WARNING * * *
You block the adder's attack. Something hits you!
You die... ..... ... .g. ggS

#S# #{# #S# #@#
#. #.# #. #.# #.
#.###########
#.##)#.........#
..#.#.#######.#
#.#.#.# #.#
#.#.#.###
#.######
#.......#
#)#.....


You could see 3 gnolls, an adder and 2 ball pythons.

Vanquished Creatures
  An adder (D:2)
  A dart slug (D:1)
  4 ball pythons (D:1)
  2 bats (D:1)
  2 endoplasms (D:1)
  2 goblins
  A hobgoblin (D:1)
  A kobold (D:1)
  2 quokkas (D:1)
  2 frilled lizards (D:1)
  A rat (D:1)
19 creatures vanquished.

Notes
Turn   | Place    | Note
-------+----------+-------------------------------------------
     0 | D:1      | BOMJPIETVODKU the Hill Orc Fighter began the quest for the
                  | Orb.
     0 | D:1      | Reached XP level 1. HP: 19/19 MP: 1/1
    87 | D:1      | Reached XP level 2. HP: 12/27 MP: 2/2
   864 | D:2      | Reached XP level 3. HP: 33/33 MP: 3/3
   917 | D:2      | Noticed Sigmund
   925 | D:2      | Mangled by Sigmund

Illustrated notes

Levels and vault maps discovered:
D:1:      moated_graveyard_arrival, layout_loops_ring
D:2:      cheibrodos_fertilizer, layout_basic, serial_shops,
          nicolae_shop_behind_doors, minmay_tetromino_o4, uniq_sigmund

Skill      XL: |  1  2 |
---------------+-------+-----
Axes           | 3 |  3.6
Fighting       | |  3.9
Armour         | |  3.5
Shields        | |  3.7

Action                   || total
-------------------------++-------
Melee: War axe           ||    61
  Use: Potion            ||     1
Armor: Scale mail        ||    38
Dodge: Dodged            ||    44
Block: Kite shield       ||    44
